 Dungeon Crawl Stone Soup version 0.23.2-1-ga50397a6bc (webtiles) character file.

Game seed: 8502147788876852006

93 Gordogan the Stinger (level 4, -11/24 HPs)
             Began as a Kobold Venom Mage on May 3, 2019.
             Mangled by Sigmund
             ... wielding a +3 scythe of venom
              (12 damage)
             ... on level 3 of the Dungeon.
             The game lasted 00:21:10 (1927 turns).

Gordogan the Stinger (Kobold Venom Mage)            Turns: 1927, Time: 00:21:10

Health: -11/24     AC:  4    Str:  5    XL:     4   Next: 91%
Magic:  8/8        EV: 16    Int: 17    God:
Gold:   100        SH:  0    Dex: 15    Spells: 2/8 levels left

rFire    . . .     SeeInvis .   a - +3 short sword (drain)
rCold    . . .     Gourm    .   (shield restricted)
rNeg     . . .     Faith    .   n - +0 robe
rPois    .         Spirit   .   (no helmet)
rElec    .         Reflect  .   (no cloak)
rCorr    .         Harm     .   (no gloves)
MR       .....                  (no boots)
Stlth    ++........             (no amulet)
HPRegen  0.08/turn              k - +2 ring of protection
MPRegen  0.11/turn              (no ring)

@: lethally poisoned (-11 -> -26)
A: small, carnivore
a: no special abilities


You were on level 3 of the Dungeon.
You were completely stuffed.

You visited 1 branch of the dungeon, and saw 3 of its levels.

You collected 100 gold pieces.

Inventory:

Hand Weapons
 a - a +3 short sword of draining (weapon)
Missiles
 b - 92 stones (quivered)
 e - 14 arrows
 f - 24 bolts
 m - 18 poisoned needles
Armour
 n - a +0 robe (worn)
Jewellery
 k - a +2 ring of protection (left hand)
Potions
 d - a potion of lignification
 g - a potion of mutation {unknown}
 h - 2 potions of agility
 i - a potion of might {unknown}
 j - a potion of invisibility {unknown}
Comestibles
 c - 7 rations


   Skills:
 + Level 0.2 Fighting
 + Level 1.7 Short Blades
 + Level 3.0 Dodging
 + Level 2.8 Stealth
 + Level 1.3 Unarmed Combat
 + Level 2.9 Spellcasting
 + Level 1.2 Conjurations
 + Level 3.7 Poison Magic


You had 2 spell levels left.
You knew the following spells:

 Your Spells              Type           Power        Failure   Level  Hunger
a - Sting                 Conj/Pois      ##..         6%          1    None
b - Poisonous Vapours     Pois/Air       #.....       12%         2    ##.....
c - Mephitic Cloud        Conj/Pois/Air  #.......     26%         3    ###....

Your spell library contained the following spells:

 Spells                   Type           Power        Failure   Level  Hunger
 Olgreb's Toxic Radiance  Pois           ###.....     36%         4    ####...
 Venom Bolt               Conj/Pois      ##........   87%         5    ######.


Dungeon Overview and Level Annotations

Branches:
Dungeon (3/15)

Altars:

Annotations:
D:3 Sigmund


Innate Abilities, Weirdness & Mutations

You are small and have problems with some larger weapons.
You are carnivorous and can eat meat at any time.


Message History

The adder closely misses you.
You hit the adder. You drain the adder.
The adder is almost dead.
* * * LOW HITPOINT WARNING * * *
You feel sick. The adder closely misses you.
Something hits you but does no damage.
You are more poisoned.
You closely miss the adder.
The adder is almost dead.
* * * LOW HITPOINT WARNING * * *
You feel sick. The adder closely misses you.
You hit the adder.
You kill the adder!
Your Dodging skill increases to level 3!
* * * LOW HITPOINT WARNING * * *
You feel sick. Something barely misses you.
* * * LOW HITPOINT WARNING * * *
You feel sick. Something hits you!
Ouch! That really hurt!
You die...

#..#.# #..#.#
#..#.# #.... #
#...# #.#
#...########†..#
#.........<.....
#...@{..%.......
##.#.#########.##
#.......#
#.......#
#.......########
#...............
#.......########
#....<..########
#.........÷....#


There were no monsters in sight!

Vanquished Creatures
  5 adders
  2 oozes
  A dart slug (D:3)
  A leopard gecko (D:2)
  7 bats
  3 giant cockroaches
  5 goblins
  3 hobgoblins
  A quokka (D:2)
  3 frilled lizards
  3 kobolds
  3 rats
  A plant (D:2)
38 creatures vanquished.

Notes
Turn   | Place    | Note
-------+----------+-------------------------------------------
     0 | D:1      | Gordogan the Kobold Venom Mage began the quest for the Orb.
     0 | D:1      | Reached XP level 1. HP: 10/10 MP: 3/3
    95 | D:1      | Reached XP level 2. HP: 14/15 MP: 0/5
   422 | D:1      | Learned a level 2 spell: Poisonous Vapours
   700 | D:1      | Reached XP level 3. HP: 19/19 MP: 3/6
   901 | D:2      | Reached skill level 1 in Short Blades
   923 | D:2      | Learned a level 3 spell: Mephitic Cloud
  1319 | D:2      | Reached XP level 4. HP: 24/24 MP: 5/8
  1399 | D:2      | Reached skill level 1 in Unarmed Combat
  1910 | D:3      | Noticed Sigmund
  1927 | D:3      | HP: 1/24 [poisoned by Sigmund]
  1927 | D:3      | Mangled by Sigmund

Skill      XL: |  1  2  3  4 |
---------------+-------------+-----
Short Blades   | 1 |  1.7
Unarmed Combat | 1 |  1.3
Dodging        | 3 |  3.0
Fighting       | |  0.2
Stealth        | |  2.8
Spellcasting   | |  2.9
Conjurations   | |  1.2
Poison Magic   | |  3.7

Action                   |  1- 3 |  4- 6 || total
-------------------------+-------+-------++-------
Melee: Unarmed           |    11 |       ||    11
       Short sword       |    36 |    63 ||    99
Throw: Stone             |     7 |       ||     7
 Cast: Sting             |    29 |     6 ||    35
       Poisonous Vapours |     2 |       ||     2
  Use: Scroll            |     3 |     1 ||     4
  Eat: Chunk             |    10 |     2 ||    12
Armor: Robe              |     7 |     6 ||    13
Dodge: Dodged            |    38 |    16 ||    54
